 Dungeon Crawl Stone Soup version 0.28-a0-1510-gd0f6b136d3 (webtiles) character file.

Game seed: 801948684144864817

30 comborobin the Sneak (level 3, -6/19 HPs)
             Began as a Vine Stalker Delver on Jan 15, 2022.
             Mangled by a black bear (9 damage)
             ... on level 5 of the Dungeon.
             The game lasted 00:00:24 (326 turns).

comborobin the Sneak (Vine Stalker Delver)           Turns: 326, Time: 00:00:25

Health: -6/19      AC:  3    Str: 14    XL:     3   Next: 20%
Magic:  0/4        EV: 11    Int: 12    God:
Gold:   57         SH:  0    Dex: 15    Spells: 2/2 levels left

rFire   . . .      SeeInvis .   a - +0 short sword
rCold   . . .      Faith    .   (no shield)
rNeg    . . .      Spirit   +   b - +0 leather armour
rPois   .          Reflect  .   (no helmet)
rElec   .          Harm     .   (no cloak)
rCorr   .          Rampage  .   (no gloves)
Will    .....                   (no boots)
Stlth   +++.......              (no amulet)
HPRegen 0.06/turn               (no ring)
MPRegen 0.09/turn               (no ring)

@: no status effects
A: fangs 2, magic shield, antimagic bite, no potion heal 2
a: no special abilities


You were on level 5 of the Dungeon.
You visited 1 branch of the dungeon, and saw 1 of its levels.

You collected 57 gold pieces.

Inventory:

Hand Weapons
 a - a +0 short sword (weapon)
Armour
 b - a +0 leather armour (worn)
Wands
 g - a wand of digging (3)
Scrolls
 c - a scroll of fog
Potions
 f - a potion of haste
 h - a potion of lignification {unknown}


   Skills:
 + Level 2.8 Fighting
 - Level 3.1 Short Blades
 - Level 1.5 Dodging
 - Level 6.0 Stealth


You had 2 spell levels left.
You didn't know any spells.
Your spell library was empty.

Dungeon Overview and Level Annotations

Branches:
Dungeon (5/15)
 Temple: D:4-7

Altars:


Innate Abilities, Weirdness & Mutations

You have extremely sharp teeth.
When hurt, damage is shared between your health and your magic reserves.
Your bite disrupts and absorbs the magic of your enemies.
Potions cannot restore your health.


Message History

Things that are here:
a +0 short sword; a +0 dagger; a +0 ring mail You hit the ogre.
The ogre is lightly wounded.
The ogre closely misses you.
You hit the ogre. You bite the ogre. You drain its power.
You feel invigorated.
The ogre is moderately wounded.
The ogre barely misses you.
You barely miss the ogre. You bite the ogre. You drain its power.
The ogre is moderately wounded.
You barely miss the ogre. You bite the ogre. You drain its power.
The ogre is moderately wounded.
The ogre hits you with a +0 giant spiked club!
Ouch! That really hurt!
* * * LOW HITPOINT WARNING * * *
Okay, then.
There is an open door here.
The ogre barely misses you.
Okay, then.
As you read the scroll of fear, it crumbles to dust.
You assume a fearsome visage.
The ogre looks frightened!
As you read the scroll of magic mapping, it crumbles to dust.
You feel aware of your surroundings.
A black bear comes into view.
Found a robe.
A hound zombie and a necrophage come into view.
An ogre comes into view. It is wielding a +0 giant club.
The helpless black bear fails to defend itself.
You impale the black bear!! Your bite misses the black bear.
The black bear is almost dead.
The black bear closely misses you. The black bear claws you.
The black bear claws you but does no damage.
You completely miss the black bear.
The black bear is almost dead.
The black bear goes berserk!
Unknown command.
You hit the black bear.
The black bear is almost dead.
The hound zombie misses you. The black bear bites you!
You die...

,,******,* *,,*,,,### #.# ,,* *,*
#..*,*,#.# #.# ,<* *,*
#..*,,,#.## #.# ,,* *,*
#..##>*#..# #.# ,,* *,*
#...#####.# #.# *,******,*
#....[.##.## #.#
,,*,,,**,****#......##..# #.#
***,*,**,,,,*#...h..###.###.#####
*,*,**,,*,*#..@...+............
*,*,**,,,..#..Z...####.##.#####
*,*,,,,**#........# #..#.# *
*,**,*,*,#.#n####.#####.#.# *
*,,,,,,*,#...,,*#....##...# *
*,,*,,,,.n...*,*####.###..# *
***,,,,,**.##.,,,,***#......#####
*,,,***,*,,,#O***,,,*####.#......
,,*,*,,,,,,,,,,,*,*,* #.#######


You could see a black bear (berserk), an ogre, a necrophage and a hound zombie.

Vanquished Creatures
  An iguana (D:5)
  3 orcs (D:5)
4 creatures vanquished.

Notes
Turn   | Place    | Note
-------+----------+-------------------------------------------
     0 | D:5      | comborobin the Vine Stalker Delver began the quest for the
                  | Orb.
     0 | D:5      | Reached XP level 1. HP: 11/11 MP: 2/2
   215 | D:5      | Noticed an iguana
   222 | D:5      | Killed an iguana
   223 | D:5      | Reached XP level 2. HP: 16/16 MP: 3/3
   223 | D:5      | Reached XP level 3. HP: 19/19 MP: 4/4
   289 | D:5      | Noticed an ogre
   319 | D:5      | Noticed a black bear
   322 | D:5      | Noticed a necrophage
   323 | D:5      | Noticed an ogre
   326 | D:5      | Mangled by a black bear

Illustrated notes

Levels and vault maps discovered:
D:5:      layout_basic, grunt_ministairs_5, minmay_fractal_squares_5,
          uniq_menkaure, uniq_edmund

Skill      XL: |  1 |
---------------+----+-----
Short Blades   | 3 |  3.1
Fighting       | |  2.8
Dodging        | |  1.5
Stealth        | |  6.0

Action                   || total
-------------------------++-------
Melee: Short sword       ||    19
       Bite              ||     7
  Use: Scroll            ||     2
 Stab: Sleeping          ||     2
Armor: Leather armour    ||     1
Dodge: Dodged            ||     8

Table legend: (Time is in decaauts)
 A = Elapsed time spent in this place.
 B = Non-inter-level travel time spent in this place.
 C = Inter-level travel time spent in this place.
 D = Time resting spent in this place.
 E = Time spent auto-exploring this place.
 F = Levels seen in this place.
 G = Mean time per level.
                   A        B        C        D        E       F      G
               +--------+--------+--------+--------+--------+-----+--------+
         Total |    325 |    325 |      0 |      0 |    260 |   1 |  325.0 |
       Dungeon |    325 |    325 |      0 |      0 |    260 |   1 |  325.0 |
               +--------+--------+--------+--------+--------+-----+--------+

Top non-repeatable levels by time:
     D:5: 325 daAuts
